 Dungeon Crawl Stone Soup version 0.24-a0-584-g9d6b971 (console) character file.

Game seed: 17611515166056075762, levelgen mode: deterministic

112 vegansnacktivist the Insei (level 4, 0/32 HPs)
             Began as a Demonspawn Transmuter on Sept 7, 2019.
             Slain by an orc wizard
             ... wielding a +0 dagger
              (1 damage)
             ... on level 3 of the Dungeon.
             The game lasted 00:03:53 (1842 turns).

vegansnacktivist the Insei (Demonspawn Transmuter)  Turns: 1842, Time: 00:03:54

Health: 0/32       AC:  2    Str: 11    XL:     4   Next: 63%
Magic:  6/7        EV: 12    Int: 19    God:
Gold:   59         SH:  0    Dex: 14    Spells: 4/7 levels left

rFire    . . .     SeeInvis .     - Unarmed
rCold    . . .     Gourm    .   (no shield)
rNeg     . . .     Faith    .   b - +0 robe
rPois    .         Spirit   .   (helmet restricted)
rElec    .         Reflect  .   (no cloak)
rCorr    .         Harm     .   (no gloves)
MR       .....                  (boots currently unavailable)
Stlth    +.........             (no amulet)
HPRegen  0.10/turn              (no ring)
MPRegen  0.10/turn              (no ring)

@: brilliant, appendage (expiring)
A: antennae 2, talons 3, demonic guardian 1
a: End Transformation


You were on level 3 of the Dungeon.
You were not hungry.
You had grown temporary talons.
You visited 1 branch of the dungeon, and saw 3 of its levels.

You collected 59 gold pieces.

Inventory:

Missiles
 a - 12 arrows
 f - 16 poisoned darts (quivered)
Armour
 b - a +0 robe (worn)
Scrolls
 e - a scroll of amnesia {unknown}
 h - a scroll of remove curse {unknown}
 i - 3 scrolls of identify {unknown}
Potions
 c - a potion of brilliance
 j - a potion of magic {unknown}
 k - a potion of degeneration {unknown}
 l - a potion of curing {unknown}
Comestibles
 d - 3 rations


   Skills:
 - Level 1.0 Fighting
 - Level 1.7 Dodging
 + Level 5.0 Unarmed Combat
 - Level 2.0 Spellcasting
 - Level 1.7 Transmutations


You had 4 spell levels left.
You knew the following spells:

 Your Spells              Type           Power        Failure   Level  Hunger
a - Beastly Appendage     Tmut           ###...       1%          1    #......
b - Sticks to Snakes      Tmut           ###.....     1%          2    ###....

Your spell library contained the following spells:

 Spells                   Type           Power        Failure   Level  Hunger
 Spider Form              Tmut/Pois      ###.......   4%          3    ###....
 Ice Form                 Ice/Tmut       ###.....     13%         4    #####..
 Blade Hands              Tmut           ###.......   22%         5    ######.


Dungeon Overview and Level Annotations

Branches:
Dungeon (3/15)

Altars:


Innate Abilities, Weirdness & Mutations

You have a pair of antennae on your head.
A weak demonic guardian rushes to your aid.
You have claws for feet.


Message History

You hear some strange, mumbled words.
A puff of frost appears from out of thin air!
The puff of frost hits you!
You hit something.
Your transformation is almost over.
Something hits you.
You punch something! You claw something. Something hits you.
You hit something but do no damage. Something hits you but does no damage.
You miss something. Something hits you.
You hit something. Your punch misses something.
You hear some strange, mumbled words.
A magic dart appears from out of thin air!
The magic dart hits you!
* * * LOW HITPOINT WARNING * * *
Something hits you.
* * * LOW HITPOINT WARNING * * *
It was a potion of brilliance.
You feel clever all of a sudden. Something hits you.
You die...

(......#)...<..#
........###.####
.......## #.#
.......# #.#
.......####.#####
................#
.......########.##
.......# #..#
......##******##@#
#######≈{,≈≈≈{*#{#
*≈*******,#.#
*≈*≈≈≈≈**≈#.#
*≈*≈***≈*,#.#
*≈*≈*∩*,*≈#.#
*≈*≈*≈*,*,#.#
*≈**≈**≈*≈#.#
*≈*****≈*≈*,*


There were no monsters in sight!

Vanquished Creatures
  Jessica (D:2)
  A gnoll (D:1)
  2 adders (D:2)
  An ooze (D:3)
  A worm (D:2)
  2 leopard geckos
  2 orcs (D:3)
  4 giant cockroaches
  7 goblins
  7 hobgoblins
  2 quokkas (D:2)
  4 bats
  2 frilled lizards
  6 kobolds
  5 rats
47 creatures vanquished.

Notes
Turn   | Place    | Note
-------+----------+-------------------------------------------
     0 | D:1      | vegansnacktivist the Demonspawn Transmuter began the quest
                  | for the Orb.
     0 | D:1      | Reached XP level 1. HP: 15/15 MP: 3/3
    38 | D:1      | Reached skill level 3 in Unarmed Combat
    38 | D:1      | Gained mutation: You have a pair of small antennae on your
                  | head. [demonic ancestry]
    38 | D:1      | Reached XP level 2. HP: 16/21 MP: 5/5
   549 | D:1      | Learned a level 2 spell: Sticks to Snakes
   708 | D:1      | Gained mutation: You have a pair of antennae on your head.
                  | [demonic ancestry]
   708 | D:1      | Reached XP level 3. HP: 26/26 MP: 4/6
   858 | D:2      | Reached skill level 4 in Unarmed Combat
  1527 | D:2      | Noticed Jessica
  1539 | D:2      | Killed Jessica
  1539 | D:2      | Gained mutation: A weak demonic guardian rushes to your
                  | aid. [demonic ancestry]
  1539 | D:2      | Reached XP level 4. HP: 32/32 MP: 7/7
  1836 | D:3      | Reached skill level 5 in Unarmed Combat
  1841 | D:3      | HP: 1/32 [something (1)]
  1842 | D:3      | Slain by an orc wizard

Levels and vault maps discovered:
D:1:      dpeg_arrival_boxorama, layout_basic
D:2:      layout_rooms, uniq_jessica
D:3:      layout_loops_cross, gup_sewer_entry_spiral,
          chequers_serial_rivers_marsh, kennysheep_generic_room_7,
          uniq_crazy_yiuf_cottage

Skill      XL: |  1  2  3  4 |
---------------+-------------+-----
Unarmed Combat | 3 4 5 |  5.0
Fighting       | |  1.0
Dodging        | |  1.7
Spellcasting   | |  2.0
Transmutations | |  1.7

Action                   |  1- 3 |  4- 6 || total
-------------------------+-------+-------++-------
Melee: Unarmed           |   120 |    27 ||   147
       Kick              |    14 |     5 ||    19
       Punch             |     3 |       ||     3
Throw: Dart              |    11 |       ||    11
 Cast: Beastly Appendage |    13 |     5 ||    18
  Use: Scroll            |       |     2 ||     2
       Potion            |       |     1 ||     1
  Eat: Chunk             |     2 |     1 ||     3
Armor: Robe              |    14 |     5 ||    19
Dodge: Dodged            |    88 |    19 ||   107

Table legend:
 A = Non-vault XP
 B = Vault XP
 C = Vault XP percentage of total XP
 D = Non-vault monster count
 E = Vault monster count
 F = Vault count percentage of total count
                 A         B        C        D         E       F
            +---------+---------+-------+---------+---------+-------
      Total |     123 |      37 |  23.1 |      46 |       1 |   2.1
            +---------+---------+-------+---------+---------+-------
        D:1 |      44 |       0 |   0.0 |      20 |       0 |   0.0
        D:2 |      62 |      37 |  37.4 |      20 |       1 |   4.8
        D:3 |      17 |       0 |   0.0 |       6 |       0 |   0.0
            +---------+---------+-------+---------+---------+-------
